| TOP OF THE 1ST |
|
Syracuse Chiefs batting - Pitching for Toledo Mud Hens : RHP James Moyer
|
|
Pitching: RHP James Moyer
|
|
|
Batting: LHB Darryl Strawberry
|
0-0: Called Strike 0-1: Foul Ball, location: 2F 0-2: Strikes out swinging
|
|
Batting: RHB LaRue Washington
|
0-0: Ball 1-0: SINGLE (Groundball, 5S, EV 67.5 MPH) (infield hit)
|
|
Batting: RHB Hubie Brooks
|
0-0: Ball 1-0: Called Strike 1-1: Swinging Strike 1-2: TRIPLE (Flyball, 89XD, EV 113.1 MPH) LaRue Washington scores
|
|
Batting: RHB Dave Meier
|
0-0: Called Strike 0-1: Called Strike 0-2: Ball 1-2: Foul Ball, location: 2F 1-2: Foul Ball, location: 2F 1-2: Strikes out swinging
|
|
Batting: LHB Paul O'Neill
|
0-0: Ball 1-0: Swinging Strike 1-1: Called Strike 1-2: Fly out, F7 (Flyball, 78D, EV 86.9 MPH)
|
| Top of the 1st over - 1 run, 2 hits, 0 errors, 1 left on base; Syracuse 1 - Toledo 0 |
| BOTTOM OF THE 1ST |
|
Toledo Mud Hens batting - Pitching for Syracuse Chiefs : RHP Ramon Mendoza
|
|
Pitching: RHP Ramon Mendoza
|
|
|
Batting: LHB George LaCoe
|
0-0: Ball 1-0: Ball 2-0: Called Strike 2-1: Ball 3-1: Base on Balls
|
|
Batting: LHB Ron Diggle
|
0-0: Ball 1-0: Ball 2-0: Called Strike 2-1: Fly out, F7 (Flyball, 78D, EV 102.5 MPH)
|
|
Batting: SHB Ken Henderson
|
0-0: Called Strike George LaCoe steals 2nd base (no throw) 0-1: Ball 1-1: Ground out 6-3 (Groundball, 6, EV 89.4 MPH) George LaCoe to third
|
|
Batting: RHB Gorman Thomas
|
0-0: Called Strike 0-1: Ball 1-1: Foul Ball, location: 2F 1-2: Ball 2-2: Strikes out swinging
|
| Bottom of the 1st over - 0 runs, 0 hits, 0 errors, 1 left on base; Syracuse 1 - Toledo 0 |
| TOP OF THE 2ND |
|
Syracuse Chiefs batting - Pitching for Toledo Mud Hens : RHP James Moyer
|
|
Batting: RHB Bobby Grich
|
0-0: Swinging Strike 0-1: DOUBLE (Flyball, 89XD, EV 109.4 MPH)
|
|
Batting: RHB Hector Cruz
|
0-0: Ball 1-0: Ball 2-0: Ball 3-0: Base on Balls
|
|
Batting: LHB Danny Goodwin
|
0-0: Ball 1-0: Called Strike 1-1: Fly out, F7 (Flyball, 78S, EV 87.5 MPH)
|
|
Batting: LHB Jon Jimenez
|
0-0: Called Strike 0-1: Foul Ball, location: 2F 0-2: Ball 1-2: Fielders Choice at 2nd, 6-4 (Groundball, 6M, EV 80.6 MPH) Bobby Grich to third
|
|
Batting: LHB Darryl Strawberry
|
0-0: Ball Jon Jimenez steals 2nd base 1-0: Ball 2-0: Foul Ball, location: 2F 2-1: Swinging Strike 2-2: Ball 3-2: Strikes out swinging
|
| Top of the 2nd over - 0 runs, 1 hit, 0 errors, 2 left on base; Syracuse 1 - Toledo 0 |
| BOTTOM OF THE 2ND |
|
Toledo Mud Hens batting - Pitching for Syracuse Chiefs : RHP Ramon Mendoza
|
|
Batting: RHB Milt Jefferson
|
0-0: Foul Ball, location: 2F 0-1: Foul Ball, location: 2F 0-2: Ball 1-2: Foul Ball, location: 2F 1-2: Strikes out swinging
|
|
Batting: RHB Don Lyle
|
0-0: Ball 1-0: Ball 2-0: Ball 3-0: Called Strike 3-1: Foul Ball, location: 2F 3-2: Foul Ball, location: 2F 3-2: Ground out 4-3 (Groundball, 4, EV 90.0 MPH)
|
|
Batting: LHB Rich Coggins
|
0-0: Swinging Strike 0-1: Swinging Strike 0-2: Strikes out swinging
|
| Bottom of the 2nd over - 0 runs, 0 hits, 0 errors, 0 left on base; Syracuse 1 - Toledo 0 |
| TOP OF THE 3RD |
|
Syracuse Chiefs batting - Pitching for Toledo Mud Hens : RHP James Moyer
|
|
Batting: RHB LaRue Washington
|
0-0: SINGLE (Line Drive, 7LS, EV 103.8 MPH)
|
|
Batting: RHB Hubie Brooks
|
0-0: Ball 1-0: Ball 2-0: Fly out, F5 (Popup, 5F, EV 73.1 MPH)
|
|
Batting: RHB Dave Meier
|
0-0: Fly out, F9 (Flyball, 9S, EV 98.1 MPH)
|
|
Batting: LHB Paul O'Neill
|
0-0: Ball 1-0: DOUBLE (Line Drive, 78D, EV 104.4 MPH) LaRue Washington to third Runner from 3rd tries for Home, SAFE, throw by LF to home
|
|
Batting: RHB Bobby Grich
|
0-0: Foul Ball, location: 2F 0-1: Ball 1-1: Ground out 3-1 (Groundball, 34, EV 86.9 MPH)
|
| Top of the 3rd over - 1 run, 2 hits, 0 errors, 1 left on base; Syracuse 2 - Toledo 0 |
| BOTTOM OF THE 3RD |
|
Toledo Mud Hens batting - Pitching for Syracuse Chiefs : RHP Ramon Mendoza
|
|
Batting: RHB Dennis Odom
|
0-0: Called Strike 0-1: Foul Ball, location: 2F 0-2: SINGLE (Groundball, 6MD, EV 101.3 MPH)
|
|
Batting: RHB Gary Allenson
|
0-0: Ball Dennis Odom steals 2nd base 1-0: Ground out 4-3 (Groundball, 4M, EV 101.9 MPH) Dennis Odom to third
|
|
Batting: LHB George LaCoe
|
0-0: Fly out, F8 (Flyball, 8LXD, EV 99.4 MPH) Runner from 3rd tags up, SCORES, no throw by CF
|
|
Batting: LHB Ron Diggle
|
0-0: Fly out, F3 (Line Drive, 4, EV 72.5 MPH)
|
| Bottom of the 3rd over - 1 run, 1 hit, 0 errors, 0 left on base; Syracuse 2 - Toledo 1 |
| TOP OF THE 4TH |
|
Syracuse Chiefs batting - Pitching for Toledo Mud Hens : RHP James Moyer
|
|
Batting: RHB Hector Cruz
|
0-0: Ball 1-0: Foul Ball, location: 2F 1-1: Ball 2-1: Ground out 4-3 (Groundball, 4, EV 87.5 MPH)
|
|
Batting: LHB Danny Goodwin
|
0-0: Called Strike 0-1: Ball 1-1: Ball 2-1: SINGLE (Groundball, 56D, EV 100.0 MPH)
|
|
Batting: LHB Jon Jimenez
|
0-0: Called Strike 0-1: Ball 1-1: Called Strike 1-2: Foul Ball, location: 2F 1-2: Ball 2-2: Fly out, F7 (Flyball, 7, EV 94.4 MPH)
|
|
Batting: LHB Darryl Strawberry
|
0-0: Called Strike 0-1: Swinging Strike 0-2: Foul Ball, location: 2F 0-2: Ground out U3 (Groundball, 3L, EV 85.0 MPH)
|
| Top of the 4th over - 0 runs, 1 hit, 0 errors, 1 left on base; Syracuse 2 - Toledo 1 |
| BOTTOM OF THE 4TH |
|
Toledo Mud Hens batting - Pitching for Syracuse Chiefs : RHP Ramon Mendoza
|
|
Batting: SHB Ken Henderson
|
0-0: Fly out, F8 (Flyball, 8LS, EV 82.5 MPH)
|
|
Batting: RHB Gorman Thomas
|
0-0: Swinging Strike 0-1: Foul Ball, location: 2F 0-2: Strikes out swinging
|
|
Batting: RHB Milt Jefferson
|
0-0: Ball 1-0: Ball 2-0: SOLO HOME RUN (Line Drive, 78XD, EV 105.0 MPH), Distance : 458 ft
|
|
Batting: RHB Don Lyle
|
0-0: Called Strike 0-1: Called Strike 0-2: Strikes out swinging
|
| Bottom of the 4th over - 1 run, 1 hit, 0 errors, 0 left on base; Syracuse 2 - Toledo 2 |
| TOP OF THE 5TH |
|
Syracuse Chiefs batting - Pitching for Toledo Mud Hens : RHP James Moyer
|
|
Batting: RHB LaRue Washington
|
0-0: Ball 1-0: Ball 2-0: Called Strike 2-1: Ball 3-1: Base on Balls
|
|
Batting: RHB Hubie Brooks
|
0-0: Ball LaRue Washington steals 2nd, throwing error, E2 LaRue Washington to third 1-0: Called Strike 1-1: Ball Wild Pitch! LaRue Washington scores 2-1: SINGLE (Line Drive, 7S, EV 106.9 MPH)
|
|
Batting: RHB Dave Meier
|
0-0: Swinging Strike 0-1: Ball 1-1: Foul Ball, location: 2F 1-2: Ball 2-2: Foul Ball, location: 2F 2-2: Ground out 1-3 (Groundball, 25, EV 70.0 MPH) Hubie Brooks to second
|
|
Batting: LHB Paul O'Neill
|
0-0: Ball 1-0: Foul Ball, location: 2F 1-1: Ball 2-1: Called Strike 2-2: Ball 3-2: Foul Ball, location: 2F 3-2: Fly out, F7 (Flyball, 7D, EV 95.6 MPH)
|
|
Batting: RHB Bobby Grich
|
0-0: Swinging Strike 0-1: Ball 1-1: Fly out, F9 (Flyball, 9LM, EV 80.6 MPH)
|
| Top of the 5th over - 1 run, 1 hit, 1 error, 1 left on base; Syracuse 3 - Toledo 2 |
| BOTTOM OF THE 5TH |
|
Toledo Mud Hens batting - Pitching for Syracuse Chiefs : RHP Ramon Mendoza
|
|
Batting: LHB Rich Coggins
|
0-0: Ball 1-0: Fly out, F8 (Flyball, 8LD, EV 102.5 MPH)
|
|
Batting: RHB Dennis Odom
|
0-0: Fly out, F6 (Flyball, 6D, EV 90.6 MPH)
|
|
Batting: RHB Gary Allenson
|
0-0: Ball 1-0: DOUBLE (Groundball, 5L, EV 102.5 MPH)
|
|
Batting: LHB George LaCoe
|
0-0: Foul Ball, location: 2F 0-1: Foul Ball, location: 2F 0-2: Foul Ball, location: 2F 0-2: Ball 1-2: Ball 2-2: Fly out, F9 (Flyball, 9LS, EV 78.8 MPH)
|
| Bottom of the 5th over - 0 runs, 1 hit, 0 errors, 1 left on base; Syracuse 3 - Toledo 2 |
| TOP OF THE 6TH |
|
Syracuse Chiefs batting - Pitching for Toledo Mud Hens : RHP James Moyer
|
|
Batting: RHB Hector Cruz
|
0-0: Ball 1-0: Ground out 5-3 (Groundball, 56, EV 101.9 MPH)
|
|
Batting: LHB Danny Goodwin
|
0-0: Called Strike 0-1: Ball 1-1: Ball 2-1: Called Strike 2-2: DOUBLE (Groundball, 3D, EV 100.0 MPH)
|
|
Batting: LHB Jon Jimenez
|
0-0: Foul Ball, location: 2F 0-1: Ball 1-1: Swinging Strike 1-2: Ball 2-2: Ground out 4-3 (Groundball, 4M, EV 103.8 MPH) Danny Goodwin to third
|
|
Batting: LHB Darryl Strawberry
|
0-0: Ball 1-0: Ball 2-0: SINGLE (Flyball, 4MD, EV 91.3 MPH) Danny Goodwin scores
|
|
Batting: RHB LaRue Washington
|
0-0: Ball 1-0: Foul Ball, location: 2F 1-1: Called Strike Darryl Strawberry steals 2nd base (no throw) 1-2: Ground out 5-3 (Groundball, 5, EV 78.8 MPH)
|
| Top of the 6th over - 1 run, 2 hits, 0 errors, 1 left on base; Syracuse 4 - Toledo 2 |
| BOTTOM OF THE 6TH |
|
Toledo Mud Hens batting - Pitching for Syracuse Chiefs : RHP Ramon Mendoza
|
|
Batting: LHB Ron Diggle
|
0-0: Called Strike 0-1: Ball 1-1: Ball 2-1: Foul Ball, location: 2F 2-2: SINGLE (Groundball, 34, EV 102.5 MPH)
|
|
Batting: SHB Ken Henderson
|
0-0: Called Strike Ron Diggle steals 2nd base 0-1: Foul Ball, location: 2F 0-2: Strikes out swinging
|
|
Batting: RHB Gorman Thomas
|
0-0: Foul Ball, location: 2F 0-1: Ball 1-1: Ground out 1-3 (Groundball, 15S, EV 67.5 MPH)
|
|
Batting: RHB Milt Jefferson
|
0-0: Ground out 6-3 (Groundball, 6, EV 81.9 MPH)
|
| Bottom of the 6th over - 0 runs, 1 hit, 0 errors, 1 left on base; Syracuse 4 - Toledo 2 |
| TOP OF THE 7TH |
|
Syracuse Chiefs batting - Pitching for Toledo Mud Hens : RHP James Moyer
|
|
Batting: RHB Hubie Brooks
|
0-0: Ball 1-0: Ball 2-0: Foul Ball, location: 2F 2-1: Called Strike 2-2: Strikes out swinging
|
|
Batting: RHB Dave Meier
|
0-0: SINGLE (Groundball, 6MD, EV 98.1 MPH)
|
|
Batting: LHB Paul O'Neill
|
0-0: Fly out, F4 (Flyball, 34D, EV 95.6 MPH)
|
|
Batting: RHB Bobby Grich
|
0-0: Called Strike 0-1: Foul Ball, location: 2F 0-2: Ball 1-2: Ball 2-2: Fly out, F6 (Flyball, 6D, EV 72.5 MPH)
|
| Top of the 7th over - 0 runs, 1 hit, 0 errors, 1 left on base; Syracuse 4 - Toledo 2 |
| BOTTOM OF THE 7TH |
|
Toledo Mud Hens batting - Pitching for Syracuse Chiefs : RHP Ramon Mendoza
|
|
Batting: RHB Don Lyle
|
0-0: Swinging Strike 0-1: Ball 1-1: Ball 2-1: Foul Ball, location: 2F 2-2: Foul Ball, location: 2F 2-2: Foul Ball, location: 2F 2-2: Strikes out swinging
|
|
Batting: LHB Rich Coggins
|
0-0: Swinging Strike 0-1: Ball 1-1: Called Strike 1-2: Ball 2-2: Strikes out looking
|
|
Batting: RHB Dennis Odom
|
0-0: Ball 1-0: Ball 2-0: Foul Ball, location: 2F 2-1: Ground out 4-3 (Groundball, 4, EV 90.0 MPH)
|
| Bottom of the 7th over - 0 runs, 0 hits, 0 errors, 0 left on base; Syracuse 4 - Toledo 2 |
| TOP OF THE 8TH |
|
Syracuse Chiefs batting - Pitching for Toledo Mud Hens : RHP James Moyer
|
|
Batting: RHB Hector Cruz
|
0-0: Ball 1-0: Ball 2-0: Ball 3-0: Called Strike 3-1: Fly out, F4 (Popup, 4M, EV 70.6 MPH)
|
|
Batting: LHB Danny Goodwin
|
0-0: Foul Ball, location: 2F 0-1: Foul Ball, location: 2F 0-2: Ground out 4-3 (Groundball, 4, EV 85.0 MPH)
|
|
Batting: LHB Jon Jimenez
|
0-0: Ball 1-0: Called Strike 1-1: Fly out, F5 (Popup, 56S, EV 69.4 MPH)
|
| Top of the 8th over - 0 runs, 0 hits, 0 errors, 0 left on base; Syracuse 4 - Toledo 2 |
| BOTTOM OF THE 8TH |
|
Toledo Mud Hens batting - Pitching for Syracuse Chiefs : RHP Ramon Mendoza
|
|
Batting: RHB Gary Allenson
|
0-0: Ball 1-0: Ball 2-0: Called Strike 2-1: Ground out 1-3 (Groundball, 15S, EV 61.9 MPH)
|
|
Batting: LHB George LaCoe
|
0-0: Reached on error, E6 (Groundball, 56, EV 90.0 MPH)
|
|
Batting: LHB Ron Diggle
|
0-0: Ball 1-0: Called Strike 1-1: Ball 2-1: Fly out, F2 (Popup, 5SF, EV 86.3 MPH)
|
|
Batting: SHB Ken Henderson
|
0-0: Ball 1-0: Fly out, F6 (Popup, 6, EV 66.3 MPH)
|
| Bottom of the 8th over - 0 runs, 0 hits, 1 error, 1 left on base; Syracuse 4 - Toledo 2 |
| TOP OF THE 9TH |
|
Syracuse Chiefs batting - Pitching for Toledo Mud Hens : RHP James Moyer
|
|
Batting: LHB Darryl Strawberry
|
0-0: Ball 1-0: Ball 2-0: Ball 3-0: Base on Balls
|
|
Batting: RHB LaRue Washington
|
0-0: Swinging Strike 0-1: Foul Ball, location: 2F 0-2: Ball 1-2: Foul Ball, location: 2F 1-2: Ball 2-2: Ball 3-2: Foul Ball, location: 2F 3-2: SINGLE (Line Drive, 9S, EV 94.4 MPH) Darryl Strawberry to second Runner from 2nd tries for 3rd, SAFE, no throw by RF
|
|
Pitching: RHP Dan Quisenberry
|
|
|
Batting: RHB Hubie Brooks
|
0-0: Fly out, F2 (Popup, 2RF, EV 87.5 MPH)
|
|
Batting: RHB Dave Meier
|
0-0: Called Strike 0-1: Called Strike 0-2: Fielders Choice at 2nd, 5-4 (Groundball, 56, EV 85.6 MPH) Darryl Strawberry scores
|
|
Batting: LHB Paul O'Neill
|
0-0: Ball 1-0: Fly out, F5 (Flyball, 5D, EV 86.9 MPH)
|
| Top of the 9th over - 1 run, 1 hit, 0 errors, 1 left on base; Syracuse 5 - Toledo 2 |
| BOTTOM OF THE 9TH |
|
Toledo Mud Hens batting - Pitching for Syracuse Chiefs : RHP Ramon Mendoza
|
|
Now at 1B: Phil Garner
|
|
|
Batting: RHB Gorman Thomas
|
0-0: Called Strike 0-1: Called Strike 0-2: Ground out 6-3 (Groundball, 6, EV 87.5 MPH)
|
|
Batting: RHB Milt Jefferson
|
0-0: Called Strike 0-1: Swinging Strike 0-2: Strikes out swinging
|
|
Batting: RHB Don Lyle
|
0-0: Called Strike 0-1: Ball 1-1: Ball 2-1: Foul Ball, location: 2F 2-2: Fly out, F8 (Flyball, 8LS, EV 90.6 MPH)
|
| Bottom of the 9th over - 0 runs, 0 hits, 0 errors, 0 left on base; Syracuse 5 - Toledo 2 |
|